 Dungeon Crawl Stone Soup version 0.25-a0-565-g8875c97ebb (webtiles) character file.

Game seed: 15190051667865262513, levelgen mode: deterministic

208691 Flugslaktarn the Severer (level 17, -3/164 HPs)
             Began as a Deep Dwarf Fighter on Feb 26, 2020.
             Was the Champion of Makhleb.
             Slain by an ettin
             ... wielding a cursed +0 dire flail
              (20 damage)
             ... on level 5 of the Vaults.
             The game lasted 00:16:49 (16903 turns).

Flugslaktarn the Severer (Deep Dwarf Fighter)      Turns: 16903, Time: 00:16:50

Health: -3/164     AC: 32    Str: 29      XL:     17   Next: 65%
Magic:  4/4        EV: 13    Int:  7 (9)  God:    Makhleb [******]
Gold:   2213       SH:  0    Dex: 12      Spells: 16/16 levels left

rFire    + . .     SeeInvis .   L - +4 executioner's axe (vorpal)
rCold    + . .     Gourm    .   (shield currently unavailable)
rNeg     + . .     Faith    .   s - +4 plate armour of the Camelopard {MR+}
rPois    .         Spirit   .   (helmet restricted)
rElec    +         Reflect  .   c - +2 cloak
rCorr    .         Harm     .   (no gloves)
MR       +++..                  D - +2 pair of boots
Stlth    ..........             H - amulet of the Air {Inacc +Fly rElec EV+5 RMsl}
HPRegen  0.00/turn              K - ring of Yzxepun {rC+ Str+2 Stlth-}
MPRegen  0.09/turn              f - ring of protection from fire

@: non-regenerating, studying Invocations, repel missiles
A: damage resistance, heal wounds, horns 1, molten scales 1, yellow scales 1,
negative energy resistance 1, sense surroundings 2, wild magic 1, no
regeneration
}: 2/15 runes: decaying, gossamer
a: Heal Wounds, Minor Destruction, Lesser Servant of Makhleb, Major Destruction,
Greater Servant of Makhleb, Renounce Religion, Evoke Flight


You were on level 5 of the Vaults.
You worshipped Makhleb.
Makhleb was exalted by your worship.
You were hungry.

You visited 6 branches of the dungeon, and saw 32 of its levels.
You also visited: Gauntlet.

You collected 2541 gold pieces.
You spent 328 gold pieces at shops.

Inventory:

Hand Weapons
 u - a +2 war axe of electrocution
   (You found it on level 8 of the Dungeon)
 L - a +4 vorpal executioner's axe (weapon)
   (You took it off Rupert on level 13 of the Dungeon)
Missiles
 g - 2 throwing nets (quivered)
Armour
 a - +0 swamp dragon scales
   (You found it on level 4 of the Swamp)
 c - a +2 cloak (worn)
   (You found it on level 2 of the Spider Nest)
 o - a +2 chain mail of cold resistance
   (You took it off Frances on level 12 of the Dungeon)
 s - the +4 plate armour of the Camelopard (worn) {MR+}
   (You found it in a Gauntlet)

   It affects your resistance to hostile enchantments.
   If you remove this armour, your AC will decrease by 21 (32 -> 11).
 D - a +2 pair of boots (worn)
   (You found it on level 9 of the Dungeon)
 J - a +2 helmet
   (You found it on level 4 of the Dungeon)
 Q - a +0 tower shield
   (You took it off Louise on level 15 of the Dungeon)
Jewellery
 f - a ring of protection from fire (right hand)
   (You found it on level 1 of the Vaults)
 p - a +2 ring of protection
   (You bought it in a shop on level 7 of the Dungeon)
 r - an uncursed ring of flight
   (You found it on level 2 of the Dungeon)
 B - an uncursed ring of positive energy
   (You found it on level 13 of the Dungeon)
 H - the amulet of the Air (around neck) {Inacc +Fly rElec EV+5 RMsl}
   (You found it in a Gauntlet)

   [amulet of inaccuracy]

   It reduces the accuracy of all your attacks.
   It affects your evasion (+5).
   It insulates you from electricity.
   It lets you fly.
   It protects you from missiles.
 K - the ring of Yzxepun (left hand) {rC+ Str+2 Stlth-}
   (You found it in a Gauntlet)

   [ring of attention]

   It affects your strength (+2).
   It protects you from cold.
   It makes you less stealthy.
 U - an uncursed amulet of harm {unknown}
   (You found it on level 5 of the Vaults)
 V - an uncursed ring of protection from cold {unknown}
   (You found it on level 5 of the Vaults)
Wands
 j - a wand of acid (10)
   (You found it in a Gauntlet)
 x - a wand of paralysis (14)
   (You found it on level 10 of the Dungeon)
 y - a wand of scattershot (7)
   (You found it on level 8 of the Dungeon)
 C - a wand of enslavement (9)
   (You found it on level 11 of the Dungeon)
 E - a wand of clouds (4)
   (You found it on level 11 of the Dungeon)
 N - a wand of iceblast (14)
   (You found it on level 14 of the Dungeon)
Scrolls
 k - 5 scrolls of fear
 l - 2 scrolls of immolation
 m - 2 scrolls of magic mapping
 t - 8 scrolls of teleportation
 v - 6 scrolls of remove curse
 G - 8 scrolls of fog
 O - 2 scrolls of torment
 T - 2 scrolls of enchant armour
Potions
 b - 4 potions of brilliance
 d - a potion of might
 h - 2 potions of haste
 n - a potion of resistance
 q - 7 potions of curing
 w - 6 potions of heal wounds
 z - 2 potions of stabbing {unknown}
 A - 5 potions of flight
 F - 2 potions of ambrosia
 M - a potion of cancellation
 P - 2 potions of magic
 R - 2 potions of lignification
 S - a potion of mutation
Books
 I - a manual of Invocations
   (You found it on level 4 of the Vaults)
Comestibles
 e - 18 rations
 i - 3 chunks of flesh


   Skills:
 + Level 13.4 Fighting
 * Level 20.7 Axes
 + Level 15.6 Armour
 - Level 10.7 Shields
 + Level 15.9 Invocations


You had 16 spell levels left.
You didn't know any spells.
Your spell library was empty.

Dungeon Overview and Level Annotations

Branches:
Dungeon (15/15)            Temple (1/1) D:6            Lair (3/6) D:11
  Swamp (4/4) Lair:2       Spider (4/4) Lair:3          Orc (0/2) D:9
 Vaults (5/5) D:14         Depths (0/5) D:15        Gauntlet (visited)
  Crypt: Vaults:2-3

Altars:
Ashenzari
Cheibriados
Dithmenos
Elyvilon
Fedhas
Gozag
Hepliaklqana
Kikubaaqudgha
Makhleb
Nemelex Xobeh
Okawaru
Qazlal
Ru
Sif Muna
Trog
Uskayaw
Vehumet
Wu Jian
Xom
Yredelemnul
Zin
The Shining One

Shops:
D:7 [}%*=   Vaults:3 (

Portals:
Wizlab: Vaults:2

Annotations:
D:3 1 runed translucent door
Lair:1 1 exclusion
Vaults:2 Boris


Innate Abilities, Weirdness & Mutations

You are resistant to damage.
You can heal yourself by infusing magical energy.
You resist negative energy. (rN+)
You passively map the area around you.
You do not regenerate.
You have a pair of small horns on your head.
You are partially covered in molten scales. (AC +2)
You are partially covered in yellow scales. (AC +2)
Your spells are a little harder to cast, but a little more powerful.


Message History

The ironheart preserver hits you but does no damage.
The vault warden hits you from afar with a cursed -3 halberd!!
* * * LOW HITPOINT WARNING * * *
You barely miss the ettin. Your headbutt misses the ettin.
The ettin is heavily wounded.
You closely miss the deep elf archer. You slash the ironheart preserver!
The ettin hits you with a cursed +0 dire flail!!
* * * LOW HITPOINT WARNING * * *
The ettin closely misses you. The deep elf archer barely misses you.
The ironheart preserver hits you but does no damage.
You are too injured to fight recklessly!
You hit the ettin.
The ettin is heavily wounded.
You hit the ironheart preserver but do no damage.
You miss the deep elf archer.
You are no longer corroded.
A quicksilver dragon comes into view.
The vault warden misses you. The ettin hits you but does no damage.
The ettin hits you with a +0 dire flail!!
You die...

#########################
*
...............e@CppC....,
, ,
................)p)p..(D.
,
..#######################
,,, .....#....#....}#....
#)........'|..):'...# ,,,
, #).#...#..#.(...#..#. ,*
, #.()......####### ,, *
##(....#.##.|...# * * , ,
#.†(#.....#:....# , , ,


You could see 2 ironheart preservers, a frost giant, a quicksilver dragon, a
vault warden, a vault guard, an ettin and a deep elf archer.

Vanquished Creatures
  Rupert (D:13)
  Jorgrun (D:14)
  A titan (Vaults:5)
  Frances (D:12)
  2 thorn hunters (Swamp:4)
  3 ghost moths (Spider:4)
  4 vault wardens
  2 deep elf sorcerers
  An emperor scorpion (Spider:4)
  3 ironheart preservers
  A reaper (Gauntlet)
  Azrael (D:13)
  A minotaur (Gauntlet)
  3 spark wasps (Spider:4)
  An ettin (Vaults:5)
  Snorg (Lair:3)
  A deep elf high priest (Vaults:5)
  2 yaktaur captains
  Josephine (D:14)
  2 rakshasas
  2 great orbs of eyes
  10 vault guards
  9 hydras
  3 ice dragons
  3 centaur warriors
  A ghost crab (Swamp:1)
  2 dancing weapons (D:14)
  18 two-headed ogres
  An alligator (Swamp:1)
  5 ogre magi
  A death knight (Vaults:1)
  A queen ant (Gauntlet)
  A tengu warrior (D:13)
  2 deep elf knights
  An iron troll (D:10)
  A spriggan druid (Swamp:4)
  6 skeletal warriors
  4 unseen horrors
  2 deep trolls (D:10)
  A deep troll (shapeshifter) (Vaults:5)
  6 deep elf archers
  10 swamp dragons
  A harpy (shapeshifter) (Vaults:2)
  8 ironbrand convokers
  A wolf spider zombie (D:15)
  2 necromancers
  6 orb spiders (Spider:4)
  6 deep elf magi
  12 wolf spiders
  6 cyclopes
  An orc sorcerer (Vaults:4)
  13 ugly things
  7 orc knights
  9 vault sentinels
  A worldbinder (Gauntlet)
  2 moths of wrath
  A fire giant skeleton (Vaults:4)
  A human skeleton (Vaults:4)
  A black mamba (shapeshifter) (Vaults:1)
  3 black mambas
  An efreet (D:15)
  2 gargoyles
  2 centaur skeletons
  3 komodo dragons
  6 spiny frogs
  Maggie (Lair:2)
  4 demonic crawlers
  2 freezing wraiths
  12 yaktaurs
  A hellwing (Gauntlet)
  A queen bee (shapeshifter) (D:13)
  13 trolls
  A polar bear (Lair:3)
  14 jumping spiders
  6 hornets
  24 slime creatures
  6 tyrant leeches
  An ettin zombie (Vaults:4)
  A meliai zombie (D:13)
  6 bog bodies
  7 blink frogs
  5 hippogriffs
  29 tarantellas
  23 redbacks
  An ettin skeleton (Vaults:4)
  A wyvern (D:14)
  7 wraiths
  A human (D:7)
  4 hogs (D:7)
  12 yaks
  3 hungry ghosts
  4 fire elementals (D:13)
  A basilisk (D:12)
  3 steam dragons
  Menkaure (D:7)
  4 swamp worms
  8 vampire mosquitoes
  2 wargs (D:9)
  4 soldier ants
  An acid dragon (Vaults:1)
  5 porcupines
  8 swamp drakes
  5 water moccasins
  3 hell hounds (D:13)
  17 orc warriors
  5 ice beasts
  A black bear (D:8)
  2 sky beasts (D:5)
  A necrophage (D:7)
  A phantom (D:12)
  2 boggarts (Gauntlet)
  10 ogres
  6 crocodiles
  10 centaurs
  2 big kobolds
  A wyvern zombie (D:7)
  19 bullfrogs
  A gnoll sergeant (D:10)
  4 scorpions
  15 killer bees
  An elf simulacrum (Vaults:4)
  3 electric eels (D:10)
  A howler monkey (D:13)
  4 centaur zombies
  6 crimson imps
  A bullfrog zombie (D:11)
  12 hounds
  3 jellies
  10 orc priests
  10 orc wizards
  5 bullfrog skeletons
  2 iguanas
  Terence (D:3)
  10 worker ants
  A hound skeleton (D:11)
  2 worker ant zombies (D:5)
  16 gnolls
  12 adders
  4 shadow imps
  2 oozes
  2 adder skeletons
  3 worms (Lair:3)
  A dart slug (D:4)
  5 leopard geckos
  58 orcs
  A ball python (D:4)
  3 giant cockroaches
  4 goblins
  6 hobgoblins
  6 jackals
  14 kobolds
  6 quokkas
  5 bats
  A frilled lizard (D:2)
  A kobold skeleton (D:3)
  4 rats
  11 briar patches (Swamp:4)
  2 fungi (Lair:2)
  2 plants (Lair:3)
791 creatures vanquished.

Vanquished Creatures (collateral kills)
  Xtahua (Vaults:3)
  An emperor scorpion (Spider:4)
  Louise (D:15)
  A yaktaur captain (Vaults:3)
  2 hydras
  A death knight (Vaults:3)
  A tengu warrior (D:15)
  A flayed ghost (Vaults:3)
  2 wolf spiders (Spider:4)
  2 orc knights (Vaults:3)
  2 orb spiders (Spider:4)
  A yaktaur (Vaults:3)
  4 jumping spiders (Spider:4)
  A hornet (Spider:4)
  2 tyrant leeches (Swamp:1)
  A shadow (Swamp:1)
  3 tarantellas (Spider:4)
  3 water elementals (D:15)
  8 redbacks (Spider:4)
  A warg (Vaults:3)
  4 orc warriors (Vaults:3)
  2 ogres (Vaults:3)
  An electric eel (D:15)
  An orc wizard (Vaults:3)
  2 orcs (Vaults:3)
  A plant (D:15)
50 creatures vanquished.

Vanquished Creatures (others)
  A vault guard (Vaults:5)
  3 blink frogs (Swamp:1)
  A redback (Spider:4)
  A sky beast (D:7)
  An orc wizard (D:7)
  An orc (D:7)
  A briar patch (Swamp:4)
  3 demonic plants (Gauntlet)
12 creatures vanquished.

Grand Total: 853 creatures vanquished

Notes
Turn   | Place    | Note
-------+----------+-------------------------------------------
     0 | D:1      | Flugslaktarn the Deep Dwarf Fighter began the quest for the
                  | Orb.
     0 | D:1      | Reached XP level 1. HP: 20/20 MP: 1/1
   181 | D:1      | Reached XP level 2. HP: 24/27 MP: 2/2
   456 | D:2      | Found an iron altar of Okawaru.
   720 | D:3      | Reached skill level 3 in Axes
   740 | D:3      | Reached XP level 3. HP: 24/33 MP: 3/3
   806 | D:3      | Noticed Terence
   830 | D:3      | Killed Terence
   877 | D:3      | Found a runed translucent door.
   877 | D:3      | Noticed a human
   881 | D:3      | Reached XP level 4. HP: 38/42 MP: 4/4
   883 | D:3      | Found a basalt altar of Yredelemnul.
  1023 | D:4      | Found a hide-covered altar of Uskayaw.
  1046 | D:4      | Found an ancient bone altar of Kikubaaqudgha.
  1085 | D:4      | Reached skill level 4 in Axes
  1090 | D:4      | Reached XP level 5. HP: 48/49 MP: 4/4
  1186 | D:4      | Noticed an ogre
  1198 | D:4      | Killed an ogre
  1198 | D:4      | Reached XP level 6. HP: 23/56 MP: 5/5
  1223 | D:4      | Noticed a hippogriff
  1234 | D:4      | Killed a hippogriff
  1234 | D:4      | Reached skill level 5 in Axes
  1302 | D:4      | Found a radiant altar of Vehumet.
  1521 | D:4      | Found a bloodstained altar of Trog.
  1522 | D:4      | Found an iron altar of Okawaru.
  1800 | D:5      | Entered Level 5 of the Dungeon
  1909 | D:5      | Noticed a sky beast
  1940 | D:5      | Killed a sky beast
  1940 | D:5      | Reached skill level 5 in Armour
  1940 | D:5      | Reached skill level 5 in Shields
  1940 | D:5      | Reached XP level 7. HP: 33/64 MP: 6/6
  2137 | D:5      | Reached skill level 6 in Axes
  2599 | D:6      | Reached XP level 8. HP: 57/73 MP: 7/7
  2604 | D:6      | Found a staircase to the Ecumenical Temple.
  2616 | D:6      | Reached skill level 7 in Axes
  2623 | Temple   | Entered the Ecumenical Temple
  2948 | D:6      | Reached skill level 5 in Fighting
  3242 | D:6      | Found a blossoming altar of Fedhas.
  3386 | D:7      | Found a burning altar of Makhleb.
  3397 | D:7      | Became a worshipper of Makhleb the Destroyer
  3476 | D:7      | Found Gosia's Armour Boutique.
  3492 | D:7      | Reached skill level 8 in Axes
  3492 | D:7      | Reached skill level 1 in Invocations
  3504 | D:7      | Found Yfaforgh's Gadget Shop.
  3587 | D:7      | Noticed Menkaure
  3613 | D:7      | Killed Menkaure
  3618 | D:7      | Gained mutation: You passively map the area around you.
                  | [Deep Dwarf growth]
  3618 | D:7      | Reached XP level 9. HP: 46/81 MP: 8/8
  3765 | D:7      | Found Tubyedom's Jewellery Emporium.
  3794 | D:7      | Paralysed by a hornet for 2 turns
  3828 | D:7      | Reached * piety under Makhleb
  3875 | D:7      | Reached skill level 9 in Axes
  3892 | D:7      | Bought a +2 ring of protection for 160 gold pieces
  3931 | D:7      | Found Ivatug's Assorted Antiques.
  3953 | D:7      | You fall into a shaft and drop 2 floors!
  4141 | D:9      | Found a staircase to the Orcish Mines.
  4226 | D:9      | Noticed a cyclops
  4241 | D:9      | Killed a cyclops
  4241 | D:9      | Reached skill level 5 in Invocations
  4241 | D:9      | Reached XP level 10. HP: 87/92 MP: 10/10
  4269 | D:9      | Reached skill level 10 in Axes
  4344 | D:9      | Found a glowing golden altar of the Shining One.
  4571 | D:8      | Reached ** piety under Makhleb
  4657 | D:8      | Noticed a two-headed ogre
  4675 | D:8      | Killed a two-headed ogre
  5146 | D:7      | Found Talah's Food Shoppe.
  5177 | D:7      | Found an opulent altar of Gozag.
  5180 | D:7      | Reached skill level 11 in Axes
  5821 | D:10     | Entered Level 10 of the Dungeon
  6039 | D:10     | Reached XP level 11. HP: 84/100 MP: 12/12
  6081 | D:10     | Gained mutation: You are occasionally teleported next to
                  | monsters. [potion of mutation]
  6081 | D:10     | Gained mutation: Your flesh is cold resistant. (rC+)
                  | [potion of mutation]
  6081 | D:10     | Gained mutation: You expend magic power (3 MP) to
                  | strengthen your wands. [potion of mutation]
  6082 | D:10     | Lost mutation: You expend magic power (3 MP) to strengthen
                  | your wands. [potion of mutation]
  6082 | D:10     | Gained mutation: You are partially covered in rugged brown
                  | scales. (AC +1, +3% HP) [potion of mutation]
  6082 | D:10     | Gained mutation: You have large cloven feet. [potion of
                  | mutation]
  6177 | D:10     | Reached *** piety under Makhleb
  6298 | D:10     | Noticed a deep troll
  6315 | D:10     | Killed a deep troll
  6341 | D:10     | Noticed an iron troll
  6341 | D:10     | Noticed a deep troll
  6347 | D:10     | Killed a deep troll
  6373 | D:10     | Killed an iron troll
  6381 | D:10     | Reached skill level 12 in Axes
  6550 | D:10     | Lost mutation: You are occasionally teleported next to
                  | monsters. [potion of mutation]
  6550 | D:10     | Lost mutation: Your flesh is cold resistant. (rC+) [potion
                  | of mutation]
  6550 | D:10     | Lost mutation: You have large cloven feet. [potion of
                  | mutation]
  6550 | D:10     | Gained mutation: You are frail. (-10% HP) [potion of
                  | mutation]
  6550 | D:10     | Gained mutation: You have supernaturally acute eyesight.
                  | (SInv) [potion of mutation]
  6875 | D:11     | Reached **** piety under Makhleb
  6946 | D:11     | Noticed a red ugly thing
  6955 | D:11     | Killed a red ugly thing
  7063 | D:11     | Found a staircase to the Lair.
  7480 | D:12     | Noticed a cyan ugly thing
  7499 | D:12     | Killed a cyan ugly thing
  7499 | D:12     | Reached XP level 12. HP: 83/103 MP: 14/14
  7749 | D:12     | Noticed Frances
  7790 | D:12     | Killed Frances
  7790 | D:12     | Reached skill level 13 in Axes
  7790 | D:12     | Reached skill level 10 in Armour
  7790 | D:12     | Reached skill level 10 in Shields
  8089 | D:13     | Noticed a tengu warrior
  8090 | D:13     | Found the +3 robe of Clouds {+Thunder rCloud rElec}
  8090 | D:13     | Noticed a centaur warrior
  8109 | D:13     | Killed a tengu warrior
  8111 | D:13     | Killed a centaur warrior
  8111 | D:13     | Reached ***** piety under Makhleb
  8140 | D:13     | Noticed a two-headed ogre
  8152 | D:13     | Killed a two-headed ogre
  8257 | D:13     | Found a gate leading to a gauntlet.
  8287 | Gauntlet | Entered a Gauntlet
  8287 | Gauntlet | Found a transporter.
  8287 | Gauntlet | Found a transporter.
  8288 | Gauntlet | Found a transporter.
  8289 | Gauntlet | Found a transporter.
  8290 | Gauntlet | Found a transporter.
  8292 | Gauntlet | Noticed a queen ant
  8295 | Gauntlet | Found a transporter.
  8298 | Gauntlet | Noticed a tengu warrior
  8299 | Gauntlet | Found a transporter.
  8301 | Gauntlet | Found a transporter.
  8302 | Gauntlet | Found a transporter.
  8303 | Gauntlet | Found a transporter.
  8310 | Gauntlet | Noticed a reaper
  8311 | Gauntlet | Found a transporter.
  8312 | Gauntlet | Found a transporter.
  8403 | Gauntlet | Identified the ring "Nobo" {+Blink rC+ MR+ Int+2}
  8482 | Gauntlet | Killed a queen ant
  8482 | Gauntlet | Reached skill level 10 in Invocations
  8518 | Gauntlet | Noticed a catoblepas
  8547 | Gauntlet | Killed a reaper
  8561 | Gauntlet | Got a distressingly furry plate armour
  8567 | Gauntlet | Got a crude marble ring
  8570 | Gauntlet | Identified the +4 plate armour of the Camelopard {MR+} (You
                  | found it in a Gauntlet)
  8571 | Gauntlet | Identified the ring of Yzxepun {rC+ Str+2 Stlth-} (You
                  | found it in a Gauntlet)
  8626 | Gauntlet | Noticed a minotaur
  8644 | Gauntlet | Killed a minotaur
  8644 | Gauntlet | Reached skill level 14 in Axes
  8649 | Gauntlet | Found the amulet of the Air {Inacc +Fly rElec EV+5 RMsl}
  8736 | D:13     | Noticed Rupert
  8755 | D:13     | Killed Rupert
  8755 | D:13     | Reached XP level 13. HP: 112/112 MP: 13/13
  9032 | D:13     | Noticed Azrael
  9049 | D:13     | Killed Azrael
  9321 | D:14     | Found a gate to the Vaults.
  9503 | D:14     | Noticed Jorgrun
  9527 | D:14     | Killed Jorgrun
  9563 | D:14     | Noticed Josephine
  9569 | D:14     | Killed Josephine
  9585 | D:14     | Reached skill level 15 in Axes
  9917 | D:15     | Entered Level 15 of the Dungeon
 10128 | D:15     | Reached skill level 10 in Fighting
 10292 | D:15     | Gained mutation: You resist negative energy. (rN+) [Deep
                  | Dwarf growth]
 10292 | D:15     | Reached XP level 14. HP: 122/122 MP: 12/12
 10328 | D:15     | Noticed Louise
 10355 | D:15     | Killed Louise
 10677 | D:15     | Found a staircase to the Depths.
 10877 | Lair:1   | Entered Level 1 of the Lair of Beasts
 11002 | Lair:2   | Reached ****** piety under Makhleb
 11022 | Lair:2   | Found a staircase to the Swamp.
 11111 | Lair:2   | Noticed Maggie
 11118 | Lair:2   | Killed Maggie
 11157 | Lair:2   | Reached skill level 16 in Axes
 11747 | Lair:3   | Found a hole to the Spider Nest.
 11759 | Lair:3   | Noticed Snorg
 11776 | Lair:3   | Killed Snorg
 12047 | D:7      | Bought a potion of mutation for 168 gold pieces
 12047 | D:7      | Lost mutation: You are frail. (-10% HP) [potion of
                  | mutation]
 12047 | D:7      | Lost mutation: You have supernaturally acute eyesight.
                  | (SInv) [potion of mutation]
 12047 | D:7      | Lost mutation: You are partially covered in rugged brown
                  | scales. (AC +1, +3% HP) [potion of mutation]
 12047 | D:7      | Gained mutation: You have a pair of small horns on your
                  | head. [potion of mutation]
 12047 | D:7      | Gained mutation: Your spells are a little harder to cast,
                  | but a little more powerful. [potion of mutation]
 12047 | D:7      | Gained mutation: You are partially covered in yellow
                  | scales. (AC +2) [potion of mutation]
 12899 | Spider:1 | Entered Level 1 of the Spider Nest
 13165 | Spider:4 | Entered Level 4 of the Spider Nest
 13366 | Spider:4 | Noticed an emperor scorpion
 13382 | Spider:4 | Killed an emperor scorpion
 13401 | Spider:4 | Noticed an emperor scorpion
 13416 | Spider:4 | Reached skill level 17 in Axes
 13425 | Spider:4 | Killed an emperor scorpion
 13425 | Spider:4 | Reached XP level 15. HP: 120/141 MP: 6/8
 13469 | Spider:4 | Killed a ghost moth
 13484 | Spider:4 | Killed a ghost moth
 13498 | Spider:4 | Killed a ghost moth
 13521 | Spider:4 | Got a gossamer rune of Zot
 13783 | Swamp:1  | Entered Level 1 of the Swamp
 14297 | Swamp:3  | Got a warped bronze ring
 14298 | Swamp:3  | Identified the ring of Rarchouho {Wiz Str+2 Int+2} (You
                  | found it on level 3 of the Swamp)
 14324 | Swamp:4  | Entered Level 4 of the Swamp
 14394 | Swamp:4  | Noticed a thorn hunter
 14411 | Swamp:4  | Killed a thorn hunter
 14411 | Swamp:4  | Reached skill level 18 in Axes
 14454 | Swamp:4  | Noticed a thorn hunter
 14469 | Swamp:4  | Killed a thorn hunter
 14509 | Swamp:4  | Reached XP level 16. HP: 152/152 MP: 5/5
 14551 | Swamp:4  | Got a decaying rune of Zot
 14835 | Vaults:1 | Entered Level 1 of the Vaults
 14955 | Vaults:1 | Reached skill level 15 in Invocations
 15432 | Vaults:2 | Noticed Boris
 15433 | Vaults:2 | Reached skill level 19 in Axes
 15438 | Vaults:2 | Found a magical portal.
 15444 | Vaults:2 | You fall into a shaft and drop 1 floor!
 15580 | Vaults:3 | Found Vyrealan's Distillery.
 15709 | Vaults:3 | Found Littitul's Weapon Shoppe.
 15756 | Vaults:3 | Noticed Xtahua
 15769 | Vaults:3 | Killed Xtahua
 16118 | Vaults:3 | Reached skill level 15 in Armour
 16118 | Vaults:3 | Reached XP level 17. HP: 162/162 MP: 7/7
 16257 | Vaults:3 | Reached skill level 20 in Axes
 16263 | Vaults:3 | Identified a scroll of acquirement
 16263 | Vaults:3 | Identified the +2 broad axe of Success {pain, rN+ Int+2}
                  | (You acquired it on level 3 of the Vaults)
 16385 | Vaults:4 | Paralysed by a hornet for 2 turns
 16558 | Vaults:4 | Gained mutation: You are partially covered in molten
                  | scales. (AC +2) [a neqoxec]
 16719 | Vaults:5 | Entered Level 5 of the Vaults
 16799 | Vaults:5 | Noticed a titan
 16814 | Vaults:5 | Killed a titan
 16903 | Vaults:5 | Noticed a quicksilver dragon
 16903 | Vaults:5 | Slain by an ettin

Levels and vault maps discovered:
D:1:      zelgadis_glass_arrival_large, layout_basic
D:2:      layout_basic, first_ration, okawaru_ov_weapons_minmay
D:3:      layout_loops_ring, nrook_mini_vaults, dk_yredelemnul_ordeal,
          uniq_robin, uniq_terence
D:4:      layout_loops_cross, grunt_temple_overflow_bloody_war,
          vehumet_crystals, overflow_temple_1_default,
          nicolae_overflow_crystal_walls
D:5:      layout_loops_ring
D:6:      layout_basic, fedhas_altar_fruit_tree, minmay_temple_entry_arrows
D:7:      layout_loops_ring, kennysheep_little_box, old_standard_altar,
          serial_shops, shop, kennysheep_mini_moat, shop,
          nicolae_shop_statue_plus, nicolae_shop_stone, grunt_ministairs_1,
          grunt_livestock, uniq_menkaure
D:8:      layout_rooms
D:9:      layout_irregular_city, tso_metal_star, erik_orc_4
D:10:     lemuel_troll_bridge, layout_basic
D:11:     layout_roguey, lair_entry_dummy
D:12:     layout_basic, hangedman_decor_growths, minmay_door_square,
          uniq_frances
D:13:     minmay_bubble_buster, layout_loops_ring, gauntlet_entry_generic,
          uniq_rupert, uniq_azrael
D:14:     layout_roguey, erik_vaults_1, kennysheep_nub, uniq_jorgrun,
          uniq_josephine
D:15:     grunt_enter_depths_hoard, layout_irregular_city, serial_bayou_ford_a,
          uniq_louise
Temple:   nicolae_temple_figure_eight
Lair:1:   minmay_guarded_unrand_snakebite, layout_small_grid, basic_altar
Lair:2:   layout_loops_ring, minmay_swamp_entry_reptiles, uniq_maggie
Lair:3:   layout_loops_ring, nicolae_spider_entry_non_spiders,
          lightli_volcano_entry_magma_tube, grunt_megastairs_2, uniq_snorg
Swamp:1:  layout_falls_marsh, hangedman_swamp_lotus
Swamp:2:  layout_falls_marsh, evilmike_swamp_ruin_house_3, swamp_pool5,
          hangedman_swamp_blocks, infiniplex_staircase_pool_2, uniq_nikola
Swamp:3:  layout_falls_marsh, serial_swamp_ruin, evilmike_swamp_ruin_house_1,
          evilmike_swamp_ruin_house_4, swamp_pool3, uniq_roxanne, uniq_mara
Swamp:4:  swamp_alternative, layout_basic_swamp, swamp_pool4
Spider:1: layout_spider_delve
Spider:2: layout_spider_delve, nicolae_orb_island
Spider:3: layout_spider_delve
Spider:4: grunt_spider_rune_parallel
Vaults:1: vaults_standard_mumra_lines, v_misc_12, vaults_mumra_bighexcomb,
          vaults_mumra_lcd, vaults_dpeg_doors, hangedman_vaults_hat,
          ontoclasm_vaults_ligature, hangedman_vaults_snaps,
          nicolae_vaults_yaktaur_gun_rack, v_alt_pattern_6, v_alt_pattern_1,
          layout_vaults_maze, basic_altar, uniq_asterion
Vaults:2: grunt_vaults_twisty, v_misc_8, minmay_crypt_entry_simple_sparse,
          nicolae_vaults_know_your_exits, v_misc_29,
          ontoclasm_vaults_claustrophobia, v_misc_3,
          vaults_room_grunt_arrival_ludios, v_alt_pattern_3,
          ontoclasm_vaults_shuriken, layout_vaults_chaotic_city,
          mu_enter_wizlab_4, uniq_boris
Vaults:3: gammafunk_vaults_ghost_grave, hangedman_vaults_maws,
          nicolae_vaults_big_ls, hangedman_vaults_capsules, v_alt_pattern_2,
          ontoclasm_vaults_hangar, hangedman_vaults_slither, v_misc_23,
          vaults_dpeg_encased_lava, nicolae_vaults_network_quinsquares
          [nicolae_vaults_network_quincunx_subvault,
          nicolae_vaults_network_quincunx_subvault,
          nicolae_vaults_network_quincunx_subvault,
          nicolae_vaults_network_quincunx_subvault],
          nicolae_vaults_little_squares_6, vaults_room_stairs_pillars,
          layout_vaults_omnibox, serial_shops, shop, shop, uniq_xtahua
Vaults:4: ploomutoo_gammafunk_vaults_ghost_potion_laboratory,
          nicolae_vaults_little_squares_4, v_rooms_2,
          nicolae_vaults_three_branches, hangedman_vaults_maws,
          dpeg_vaults_monster_row, v_rooms_4, nicolae_vaults_theta,
          nicolae_vaults_angled_halls, vaults_dpeg_hooks, layout_vaults_ring
Vaults:5

Skill      XL: |  1  2  3  4  5  6  7  8  9 10 11 12 13 14 15 16 17 |
---------------+----------------------------------------------------+-----
Axes           | 3 4 5 6 8 9 11 12 14 15 17 18 19 20 | 20.7
Fighting       | 3 4 5 6 7 8 9 10 11 12 13 | 13.4
Armour         | 4 5 6 7 8 9 10 11 12 13 15 | 15.6
Shields        | 4 5 6 7 8 9 10 | 10.7
Invocations    | 2 5 6 8 10 11 13 14 15 | 15.9

Action                   |  1- 3 |  4- 6 |  7- 9 | 10-12 | 13-15 | 16-18 || total
-------------------------+-------+-------+-------+-------+-------+-------++-------
Melee: War axe           |   110 |   159 |   425 |   656 |   940 |   355 ||  2645
       Executioner's axe |       |       |       |       |    73 |   276 ||   349
       Headbutt          |       |       |       |       |   150 |   152 ||   302
Invok: Greater Servant o |       |       |       |       |     6 |     2 ||     8
       Lesser Servant of |       |       |       |       |     6 |       ||     6
 Abil: Heal Wounds       |     1 |     4 |    25 |    21 |    48 |    12 ||   111
  Use: Scroll            |       |       |     9 |    12 |     9 |     6 ||    36
       Potion            |       |       |       |     6 |    10 |     3 ||    19
 Stab: Distracted        |       |       |       |       |     4 |       ||     4
  Eat: Chunk             |       |     3 |    16 |    12 |    13 |     5 ||    49
       Ration            |       |       |       |     1 |     5 |     1 ||     7
Armor: Scale mail        |    34 |       |       |       |       |       ||    34
       Chain mail        |    12 |    93 |    77 |    67 |       |       ||   249
       Plate armour      |       |       |   201 |   432 |   947 |   326 ||  1906
Dodge: Dodged            |    29 |    43 |   103 |   191 |   236 |   193 ||   795
       Deflected         |       |       |       |       |       |    14 ||    14
Block: Kite shield       |    51 |    71 |   278 |   498 |   137 |       ||  1035
       Tower shield      |       |       |       |       |   919 |   311 ||  1230

Table legend:
 A = Non-vault XP
 B = Vault XP
 C = Vault XP percentage of total XP
 D = Non-vault monster count
 E = Vault monster count
 F = Vault count percentage of total count
                 A         B        C        D         E       F
            +---------+---------+-------+---------+---------+-------
      Total |  146238 |  117990 |  44.7 |     567 |     264 |  31.8
            +---------+---------+-------+---------+---------+-------
        D:1 |      12 |       0 |   0.0 |       4 |       0 |   0.0
        D:2 |      21 |       0 |   0.0 |      13 |       0 |   0.0
        D:3 |      46 |      37 |  44.6 |      14 |       2 |  12.5
        D:4 |     594 |       3 |   0.5 |      24 |       1 |   4.0
        D:5 |     357 |       0 |   0.0 |       8 |       0 |   0.0
        D:6 |    1034 |       0 |   0.0 |      26 |       0 |   0.0
        D:7 |    1511 |    1317 |  46.6 |      23 |       8 |  25.8
        D:8 |    2504 |       0 |   0.0 |      35 |       0 |   0.0
        D:9 |    1681 |     640 |  27.6 |      21 |      18 |  46.2
       D:10 |    1610 |    4903 |  75.3 |      21 |      13 |  38.2
       D:11 |    2553 |       0 |   0.0 |      29 |       0 |   0.0
       D:12 |    5763 |    2318 |  28.7 |      26 |       1 |   3.7
       D:13 |    2741 |    8980 |  76.6 |      13 |      19 |  59.4
       D:14 |    3343 |    6560 |  66.2 |      16 |       7 |  30.4
       D:15 |   14319 |    3342 |  18.9 |      40 |       3 |   7.0
     Lair:1 |       0 |     468 | 100.0 |       0 |       4 | 100.0
     Lair:2 |    2857 |     759 |  21.0 |      14 |       5 |  26.3
     Lair:3 |    3671 |    2717 |  42.5 |      13 |      15 |  53.6
    Swamp:1 |    9351 |       0 |   0.0 |      27 |       0 |   0.0
    Swamp:2 |     165 |       0 |   0.0 |       1 |       0 |   0.0
    Swamp:3 |    2180 |       0 |   0.0 |       9 |       0 |   0.0
    Swamp:4 |    5242 |   16558 |  76.0 |      10 |      26 |  72.2
   Spider:1 |    5649 |       0 |   0.0 |      19 |       0 |   0.0
   Spider:2 |    7381 |       0 |   0.0 |      26 |       0 |   0.0
   Spider:3 |     298 |       0 |   0.0 |       1 |       0 |   0.0
   Spider:4 |    5651 |   21519 |  79.2 |      16 |      55 |  77.5
   Vaults:1 |    9444 |    6901 |  42.2 |      19 |      18 |  48.6
   Vaults:2 |    6773 |    1353 |  16.7 |      13 |       2 |  13.3
   Vaults:3 |   33264 |   16595 |  33.3 |      59 |      34 |  36.6
   Vaults:4 |   15136 |    7232 |  32.3 |      25 |      12 |  32.4
   Vaults:5 |    1087 |   10701 |  90.8 |       2 |       9 |  81.8
   Gauntlet |       0 |    5087 | 100.0 |       0 |      12 | 100.0
            +---------+---------+-------+---------+---------+-------
